 Dungeon Crawl Stone Soup version 0.21.0-22-g11d5b52 (webtiles) character file.

3682 Gorglomux the Fighter (level 9, 0/85 HPs)
             Began as a Minotaur Wanderer on Jan 18, 2018.
             Was a Priest of Makhleb.
             Slain by a two-headed ogre
             ... wielding a +0 giant club
              (6 damage)
             ... on level 8 of the Dungeon.
             The game lasted 00:07:33 (8124 turns).

Gorglomux the Fighter (Minotaur Wanderer)           Turns: 8124, Time: 00:07:33

Health: 0/85       AC: 13    Str: 18    XL:     9   Next: 90%
Magic:  12/12      EV:  8    Int: 11    God:    Makhleb [***...]
Gold:   133        SH:  0    Dex: 10    Spells: 8/8 levels left

rFire    . . .     SeeInvis .   Z - +2 war axe
rCold    . . .     Gourm    .   (no shield)
rNeg     . . .     Faith    .   j - +0 chain mail
rPois    .         Spirit   .   (helmet restricted)
rElec    .         Reflect  .   (no cloak)
rCorr    .         Harm     .   z - +1 pair of gloves
MR       .....                  (no boots)
Stlth    ..........             (no amulet)
HPRegen  0.24/turn              (no ring)
MPRegen  0.13/turn              (no ring)

@: drained
A: retaliatory headbutt, horns 2
a: Minor Destruction, Lesser Servant of Makhleb, Renounce Religion


You were on level 8 of the Dungeon.
You worshipped Makhleb.
Makhleb was most pleased with you.
You were not hungry.

You visited 1 branch of the dungeon, and saw 8 of its levels.
You also visited: Ossuary.

You collected 271 gold pieces.
You spent 138 gold pieces at shops.

Inventory:

Hand Weapons
 c - a +0 hand axe
 Z - a +2 war axe (weapon)
Missiles
 p - 7 javelins of returning (quivered)
Armour
 j - a +0 chain mail (worn)
 z - a +1 pair of gloves (worn)
Wands
 D - a wand of digging (13)
 I - a wand of iceblast (4)
Scrolls
 k - 4 scrolls of enchant weapon
 l - a scroll of immolation
 o - a scroll of fog
 t - 3 scrolls of fear
 B - 2 scrolls of blinking
 O - 3 scrolls of remove curse
 T - 3 scrolls of teleportation
 U - a scroll of magic mapping {unknown}
 V - 2 scrolls of amnesia {unknown}
Potions
 r - a potion of magic
 v - 3 potions of haste
 x - a potion of brilliance
 Q - 2 potions of curing
 X - 2 potions of flight
 Y - a potion of might
Comestibles
 d - 20 rations


   Skills:
 + Level 9.7(9.1) Fighting
 + Level 8.8(8.2) Axes
 + Level 8.8(8.2) Armour
 + Level 3.0(2.5) Dodging
   Level 1.2(0.7) Shields
 - Level 6.4(5.8) Invocations
 - Level 1.0(0.4) Evocations


You had 8 spell levels left.
You didn't know any spells.

Dungeon Overview and Level Annotations

Branches:
Dungeon (8/15)             Temple (0/1) D:7
   Lair: D:8-11

Altars:
Cheibriados
Fedhas
Gozag
Hepliaklqana
Kikubaaqudgha
Makhleb
Qazlal
Sif Muna
Trog
Uskayaw
Xom
Zin
The Shining One

Shops:
D:4 ?:[


Innate Abilities, Weirdness & Mutations

You reflexively headbutt those who attack you in melee.
You have a pair of horns on your head.


Message History

* * * butt't die
* * *
There is a stone butt leading up here!
You see here a leather armour!
Okay, then!
You feel much better!
The two-headed ogre hits you with a giant club!!! * * * don't die
* * * The two-headed ogre hits you with a giant club! * * * don't butt
* * * You feel much better!
The two-headed ogre hits you with a giant club!!!!!! * * * don'butt die
* * * The two-headed ogre barely misses you!
You see here 26 bolts!
Butt is a stone staircase leading up here!
You see here a leather armour!
The two-headed butt hits you with a giant club!!! * * * don't die
* * * The two-headed ogre hits you with a giant club! rip

...)...................
#####.................
.. ###
#.##...#####.#....
....#######.##...#
#.#####
#...'_'....#...#####.#
...###'###..........#.#
#.# #..#...##.##.#
#.###.###..#...# ##.#
#........@.#...# #.#
#######.##O#...# #.#
#.##.##### #.# #.##O#
#.#.c# #.#<### #.#c..#
#.#.#.# #.#.#.#


You could see a two-headed ogre, an ogre and a centaur.

Vanquished Creatures
  Grinder (D:4)
  2 hippogriffs (D:7)
  Menkaure (D:7)
  Duvessa (D:4)
  An eye of draining (D:8)
  A sky beast (D:8)
  A phantom (D:8)
  2 orc warriors (D:6)
  2 ogres
  A centaur (D:5)
  2 elf zombies (Ossuary)
  3 bullfrogs
  Dowan (D:4)
  A scorpion (D:6)
  5 wights (D:8)
  An electric eel (D:6)
  2 howler monkeys
  5 crimson imps
  A centaur zombie (Ossuary)
  5 jellies
  A centaur skeleton (D:7)
  2 human zombies (Ossuary)
  7 orc wizards
  4 orc priests
  2 hounds (D:7)
  Ijyb (D:5)
  2 iguanas
  7 worker ants
  4 big kobold zombies (Ossuary)
  2 mummies (Ossuary)
  A worker ant zombie (D:5)
  3 gnolls (D:2)
  8 adders
  2 shadow imps
  8 oozes
  2 adder skeletons (D:4)
  2 worms
  A dart slug (D:2)
  6 leopard geckos
  21 orcs
  6 bats
  3 giant cockroaches
  9 goblins
  12 hobgoblins
  9 jackals
  6 kobolds
  A quokka (D:6)
  3 ball pythons
  12 hobgoblin zombies (Ossuary)
  A jackal skeleton (D:6)
  A jackal zombie (Ossuary)
  8 kobold zombies (Ossuary)
  6 orc zombies (Ossuary)
  A quokka skeleton (D:7)
  6 rats
  A rat zombie (Ossuary)
210 creatures vanquished.

Notes
Turn   | Place    | Note
-------+----------+-------------------------------------------
     0 | D:1      | Gorglomux the Minotaur Wanderer began the quest for the Orb.
     0 | D:1      | Gorglomux set off with: a +2 scale mail, a potion of lignification, a +0 hand axe, a ration
     0 | D:1      | Reached XP level 1. HP: 22/22 MP: 0/0
    40 | D:1      | You fall through a shaft!
    53 | D:2      | Reached skill level 5 in Fighting
    53 | D:2      | Reached XP level 2. HP: 26/29 MP: 1/1
   113 | D:2      | Reached skill level 3 in Axes
   113 | D:2      | Reached skill level 3 in Armour
   135 | D:2      | Reached XP level 3. HP: 36/36 MP: 2/2
   918 | D:1      | Reached XP level 4. HP: 41/42 MP: 3/3
  1907 | D:3      | Found an ancient bone altar of Kikubaaqudgha.
  2264 | D:4      | Reached skill level 6 in Fighting
  2264 | D:4      | Reached XP level 5. HP: 40/50 MP: 4/4
  2364 | D:4      | Noticed Duvessa
  2364 | D:4      | Noticed Dowan
  2403 | D:4      | Killed Duvessa
  2403 | D:4      | Reached XP level 6. HP: 11/58 MP: 5/5
  2908 | D:4      | Found a burning altar of Makhleb.
  2952 | D:4      | Found Ysumooff's Magic Scroll Emporium.
  2997 | D:4      | Became a worshipper of Makhleb the Destroyer
  3490 | D:4      | Bought a scroll of blinking for 90 gold pieces
  3490 | D:4      | Bought a scroll of identify for 24 gold pieces
  3490 | D:4      | Bought a scroll of identify for 24 gold pieces
  3506 | D:4      | Killed Dowan
  3663 | D:4      | Found Hoxt's Book Boutique.
  3699 | D:4      | Found a glowing golden altar of the Shining One.
  3747 | D:4      | Noticed Grinder
  3755 | D:4      | Paralysed by Grinder for 5 turns
  3768 | D:4      | Paralysed by Grinder for 7 turns
  3783 | D:4      | Killed Grinder
  3783 | D:4      | Reached skill level 7 in Fighting
  3783 | D:4      | Reached skill level 6 in Axes
  3783 | D:4      | Reached skill level 6 in Armour
  3783 | D:4      | Reached XP level 7. HP: 22/66 MP: 6/6
  3866 | D:4      | Found Dueblyull's Armour Boutique.
  3924 | D:5      | Entered Level 5 of the Dungeon
  4077 | D:5      | Found a hazy altar of Hepliaklqana.
  4079 | D:5      | Found a glowing silver altar of Zin.
  4079 | D:5      | Found a deep blue altar of Sif Muna.
  4081 | D:5      | Found a shimmering altar of Xom.
  4081 | D:5      | Found a burning altar of Makhleb.
  4081 | D:5      | Found a burning altar of Makhleb.
  4241 | D:5      | Found a sand-covered staircase.
  4426 | Ossuary  | Entered an ossuary
  4474 | Ossuary  | Reached * piety under Makhleb
  4584 | Ossuary  | Reached skill level 8 in Fighting
  4589 | Ossuary  | Reached XP level 8. HP: 47/74 MP: 7/7
  4709 | Ossuary  | Reached ** piety under Makhleb
  5142 | D:5      | Noticed Ijyb
  5152 | D:5      | Killed Ijyb
  5290 | D:6      | Found an opulent altar of Gozag.
  5320 | D:6      | Reached skill level 9 in Fighting
  5781 | D:6      | Reached skill level 1 in Invocations
  5922 | D:6      | Found a hide-covered altar of Uskayaw.
  6070 | D:6      | Found a snail-covered altar of Cheibriados.
  6143 | D:6      | Reached skill level 3 in Invocations
  6195 | D:6      | Reached XP level 9. HP: 60/83 MP: 9/11
  6332 | D:6      | Found a glowing silver altar of Zin.
  6531 | D:7      | Noticed Menkaure
  6541 | D:7      | Killed Menkaure
  6681 | D:7      | Found a staircase to the Ecumenical Temple.
  6937 | D:7      | Found a bloodstained altar of Trog.
  6995 | D:7      | Reached skill level 6 in Invocations
  7367 | D:7      | Found a stormy altar of Qazlal.
  7386 | D:7      | Found a blossoming altar of Fedhas.
  7545 | D:8      | Reached *** piety under Makhleb
  7589 | D:8      | Reached skill level 1 in Dodging
  7993 | D:8      | Reached skill level 3 in Dodging
  8043 | D:8      | Found a deep blue altar of Sif Muna.
  8071 | D:8      | Noticed a two-headed ogre
  8083 | D:8      | HP: 4/85 [two-headed ogre/giant club (6)]
  8124 | D:8      | Slain by a two-headed ogre

Skill      XL: |  1  2  3  4  5  6  7  8  9 |
---------------+----------------------------+-----
Fighting       | 5 6 7 8 9 |  9.7
Axes           | 3 4 6 8 |  8.8
Armour         | 3 4 6 8 |  8.8
Invocations    | 4 6 |  6.4
Dodging        | 3 |  3.0
Shields        | |  1.2
Evocations     | |  1.0

Action                   |  1- 3 |  4- 6 |  7- 9 || total
-------------------------+-------+-------+-------++-------
Melee: Hand axe          |    77 |   176 |       ||   253
       Headbutt          |    10 |    28 |    64 ||   102
       War axe           |       |    24 |   413 ||   437
Throw: Javelin           |       |     4 |     8 ||    12
Invok: Minor Destruction |       |       |     4 ||     4
Evoke: Wand              |       |       |     6 ||     6
  Use: Potion            |     3 |     4 |     4 ||    11
       Scroll            |       |       |    13 ||    13
  Eat: Chunk             |       |     8 |    12 ||    20
       Ration            |       |       |     1 ||     1
Armor: Scale mail        |    18 |       |       ||    18
       Skin              |    22 |       |    18 ||    40
       Chain mail        |    25 |   111 |   285 ||   421
Dodge: Dodged            |    34 |    70 |   165 ||   269
